 Dungeon Crawl Stone Soup version 0.26-a0-778-g3fe0686644 (webtiles) character file.

Game seed: 5545307239909852778

175058 mhtbhm the Bludgeoner (level 17, -24/116 HPs)
             Began as a Gargoyle Berserker on Nov 9, 2020.
             Was the Champion of Trog.
             Collided with a salamander (25 damage)
             ... caused by a nagaraja
             ... on level 4 of the Snake Pit.
             The game lasted 00:51:13 (34036 turns).

mhtbhm the Bludgeoner (Gargoyle Berserker)         Turns: 34036, Time: 00:51:14

Health: -24/116    AC: 36    Str: 28    XL:     17   Next: 80%
Magic:  17/17      EV: 12    Int:  8    God:    Trog [******]
Gold:   1705       SH:  0    Dex:  9    Spells: 16/16 levels left

rFire    + + +     SeeInvis .   I - +7 great mace "Firestarter" {inner flame, rF++}
rCold    . . .     Faith    .   (shield currently unavailable)
rNeg     + . .     Spirit   .   b - +0 plate armour {MR+}
rPois    ∞         Reflect  .   m - +0 helmet
rElec    +         Harm     .   G - +0 cloak
rCorr    .         Rampage  .   u - +0 pair of gloves
MR       ++...                  r - +0 pair of boots
Stlth    ..........             (no amulet)
HPRegen  0.29/turn              s - ring of protection from fire
MPRegen  0.15/turn              e - +4 ring of evasion

@: berserk cooldown, flying, slowed, constricted, studying Shields, very slow
A: big wings, negative energy resistance 1, electricity resistance, unbreathing,
petrification resistance, rot immunity, AC +12
}: 1/15 runes: decaying
a: Stop Flying, Berserk, Trog's Hand, Brothers in Arms, Renounce Religion


You were on level 4 of the Snake Pit.
You worshipped Trog.
Trog was exalted by your worship.
You visited 4 branches of the dungeon, and saw 22 of its levels.
You also visited: Ossuary.

You collected 1892 gold pieces.
You spent 187 gold pieces at shops.

Inventory:

Hand Weapons
 w - the +10 dire flail "Metsefu" {vorpal, +Inv rElec rC- Dex+4, unknown}
   (Trog gifted it to you on level 2 of the Snake Pit)

   It inflicts extra damage upon your enemies.
   It affects your dexterity (+4).
   It makes you vulnerable to cold.
   It insulates you from electricity.
   It lets you turn invisible.
 I - the +7 great mace "Firestarter" (weapon) {inner flame, rF++}
   (You found it on level 2 of the Lair of Beasts)

   It has been specially enchanted to burn those struck by it, causing extra
   injury to most foes and up to half again as much damage against particularly
   susceptible opponents.
   It greatly protects you from fire.
 R - a +1 antimagic great mace
Missiles
 T - 3 curare-tipped darts (quivered)
Armour
 b - a +0 plate armour of magic resistance (worn)
 m - a +0 helmet (worn)
 r - a +0 pair of boots (worn)
 u - a +0 pair of gloves (worn)
 y - a +2 kite shield
 G - a +0 cloak (worn)
Jewellery
 e - a +4 ring of evasion (right hand)
 s - a ring of protection from fire (left hand)
Wands
 d - a wand of digging (6)
 i - a wand of paralysis (16)
 k - a wand of acid (6)
 F - a wand of iceblast (9)
Scrolls
 a - 2 scrolls of vulnerability {unknown}
 f - 7 scrolls of immolation
 h - 10 scrolls of magic mapping
 j - 6 scrolls of enchant armour
 o - 5 scrolls of fog
 q - 12 scrolls of remove curse
 v - a scroll of teleportation
 A - 5 scrolls of enchant weapon
 L - a scroll of summoning {unknown}
Potions
 c - 5 potions of curing
 g - 2 potions of ambrosia
 l - 7 potions of haste
 n - 3 potions of might
 t - a potion of invisibility
 B - a potion of berserk rage
 C - 5 potions of attraction
 D - 2 potions of degeneration {unknown}
 M - 2 potions of mutation {unknown}
 P - 2 potions of cancellation {unknown}
 S - a potion of resistance {unknown}
Books
 J - a manual of Shields
Miscellaneous
 O - a condenser vane
 Q - a phantom mirror


   Skills:
 + Level 16.3 Fighting
 + Level 20.0 Maces & Flails
 + Level 0.2 Throwing
 + Level 14.9 Armour
 + Level 8.4 Dodging
 + Level 5.5 Stealth
 + Level 2.6 Evocations


You had 16 spell levels left.
You didn't know any spells.
Your spell library was empty.

Dungeon Overview and Level Annotations

Branches:
Dungeon (8/15)             Temple (0/1) D:7            Lair (6/6) D:8
  Swamp (4/4) Lair:3        Snake (4/4) Lair:3        Slime (0/5) Lair:6
Ossuary (visited)

Altars:
Fedhas
Qazlal
Ru
Sif Muna
Xom
Zin
The Shining One
Jiyva

Shops:
D:5 ?(   D:7 *


Innate Abilities, Weirdness & Mutations

You are resistant to torment.
Your stone body is resilient. (AC +12)
You are immune to poison.
Your large and strong wings let you fly indefinitely.
You resist negative energy. (rN+)
You are resistant to electric shocks. (rElec)
You can survive without breathing.
You are immune to petrification.
You are immune to rotting.


Message History

Okay, then.
You feel better.
You hear an angry hiss.
The anaconda misses you. The anaconda constricts you.
The naga mage hits you but does no damage.
The nagaraja is engulfed in blazing flames.
The nagaraja hits you but does no damage.
The anaconda bites you.
* * * LOW HITPOINT WARNING * * *
x2 The anaconda constricts you.
The naga warrior closely misses you.
The naga mage hits you but does no damage.
The salamander hits you but does no damage.
The naga mage barely misses you.
The nagaraja is engulfed in blazing flames.
The nagaraja points at you and mumbles some strange words.
The lance of force hits you.
* * * LOW HITPOINT WARNING * * *
You are knocked back by the lance of force.
You collide with the salamander!
You die...

#......!...$..#.N.^...#
#........#......NN....#
#.....=..(N...#..NNS.#
#.............#.NN.#
.............######
####..N##N..#####
.....NNN.NN....)##
.....NNSNNN..$...##
.....NNN@N○....8..##
......N°N.N..)[....#
......N☼.....8)()..#
P≈≈P≈♣♣♣...............(<..#
PP≈♣≈≈≈≈.............8.....#
≈P≈≈≈≈≈P;...............(..#
≈≈P≈≈♣≈≈♣..............8(.##
P≈P≈;≈≈♣≈.........?......##
≈≈≈≈≈≈≈♣♣..................


You could see 4 naga warriors, a nagaraja (fast), a naga sharpshooter, 2
salamanders, an anaconda, 2 naga ritualists, 4 naga magi and 7 nagas.

Vanquished Creatures
  the Lernaean hydra (Swamp:4)
  The ghost of ardl the Executioner, an adept MiBe of Trog (Swamp:3)
  4 nagarajas
  The ghost of Bananafolds the Warrior, a journeyman MfSk of Makhleb (Lair:4)
  A bunyip (Swamp:4)
  An ice dragon (Lair:2)
  7 naga warriors
  2 ghost crabs
  21 hydras
  6 alligators
  13 anacondas
  The ghost of aardvark the Cleaver, a novice MiCK of Xom (Lair:1)
  6 goliath frogs
  8 shock serpents
  9 naga sharpshooters
  10 spriggans
  3 salamander mystics (Snake:4)
  A spriggan druid (Swamp:2)
  11 swamp dragons
  A sea snake (Snake:4)
  2 bog bodies
  10 naga ritualists
  4 lindwurms (Lair:5)
  The ghost of jabarkas the Chopper, a novice PaFi of Okawaru (D:6)
  A spectral hydra (Lair:1)
  Pikel (D:8)
  12 mana vipers
  4 oklob plants
  2 spectral boulder beetles (Lair:1)
  11 elephants
  5 will-o-the-wisps
  31 black mambas
  7 salamanders
  5 guardian serpents
  17 naga magi
  An ice statue (Lair:2)
  15 cane toads
  2 torpor snails
  11 rime drakes
  7 komodo dragons
  13 polar bears
  A troll (D:7)
  10 tyrant leeches
  A bloated husk (Swamp:1)
  26 blink frogs
  11 dream sheep
  A raiju (Lair:6)
  11 hornets
  33 yaks
  11 wyverns
  7 basilisks
  13 swamp worms
  32 nagas
  4 wargs (Lair:6)
  Edmund (D:5)
  A hydra simulacrum (Lair:1)
  17 water moccasins
  19 hell hounds (Lair:6)
  A sky beast (D:7)
  6 swamp drakes (Swamp:4)
  13 black bears
  4 ice beasts (Lair:2)
  5 orc warriors
  8 ogres
  3 phantoms
  19 wolves
  5 centaurs
  A lemure (D:8)
  An elf zombie (Ossuary)
  16 bullfrogs
  3 scorpions
  4 killer bees (D:6)
  A howler monkey (D:6)
  A torpor snail simulacrum (Lair:1)
  A komodo dragon simulacrum (Lair:1)
  7 centaur zombies
  A quasit (D:6)
  5 hounds
  5 human zombies (Ossuary)
  3 orc priests
  Crazy Yiuf (D:6)
  A bullfrog skeleton (D:5)
  4 centaur skeletons
  3 gnoll shamans (D:8)
  A jelly (D:8)
  5 orc wizards
  6 iguanas
  Ijyb (D:5)
  19 hell rats (Lair:6)
  5 worker ants
  A killer bee zombie (D:6)
  A hound skeleton (D:4)
  3 mummies (Ossuary)
  2 worker ant zombies
  16 gnolls
  9 adders
  3 white imps
  2 oozes
  An adder skeleton (D:5)
  An adder zombie (D:8)
  2 worms (D:2)
  3 dart slugs
  2 leopard geckos
  20 orcs
  5 giant cockroaches
  10 hobgoblins
  8 jackals
  8 kobolds
  3 quokkas
  5 ball pythons
  4 bats
  3 frilled lizards (D:4)
  9 goblins
  2 goblin zombies (D:4)
  A quokka zombie (D:5)
  8 rats
  A fungus (Lair:4)
761 creatures vanquished.

Vanquished Creatures (collateral kills)
  2 hydras
  2 swamp dragons (Swamp:4)
  2 black mambas (Snake:2)
  A naga mage (Snake:2)
  A tyrant leech (Swamp:4)
  A spectral black mamba (Lair:1)
  3 nagas (Snake:2)
  A swamp drake (Swamp:4)
13 creatures vanquished.

Vanquished Creatures (others)
  3 bloated husks (Swamp:1)
  A tyrant leech (Swamp:4)
  10 foxfires
  45 fungi
  96 plants
155 creatures vanquished.

Grand Total: 929 creatures vanquished

Notes
Turn   | Place    | Note
-------+----------+-------------------------------------------
     0 | D:1      | mhtbhm the Gargoyle Berserker began the quest for the Orb.
     0 | D:1      | Reached XP level 1. HP: 14/14 MP: 1/1
   385 | D:1      | Reached XP level 2. HP: 19/19 MP: 2/2
  1198 | D:2      | Reached XP level 3. HP: 20/23 MP: 3/3
  1254 | D:2      | Reached ** piety under Trog
  1488 | D:2      | Reached skill level 1 in Stealth
  1814 | D:2      | Reached XP level 4. HP: 29/29 MP: 4/4
  2233 | D:2      | Reached skill level 4 in Maces & Flails
  2721 | D:3      | Reached XP level 5. HP: 29/33 MP: 5/5
  2907 | D:3      | Reached *** piety under Trog
  3164 | D:4      | Found a sand-covered staircase.
  3193 | Ossuary  | Entered an ossuary
  3218 | Ossuary  | Reached skill level 5 in Maces & Flails
  3218 | Ossuary  | Reached XP level 6. HP: 38/38 MP: 6/6
  3466 | Ossuary  | Reached skill level 6 in Maces & Flails
  3474 | Ossuary  | Reached XP level 7. HP: 29/43 MP: 7/7
  4713 | D:4      | Got a bronze ring mail
  4719 | D:4      | Identified the +2 ring mail of a volcano {rCorr} (You found
                  | it on level 4 of the Dungeon)
  5082 | D:5      | Entered Level 5 of the Dungeon
  5086 | D:5      | Reached skill level 7 in Maces & Flails
  5089 | D:5      | Reached XP level 8. HP: 48/48 MP: 8/8
  5193 | D:5      | Reached **** piety under Trog
  5298 | D:5      | Found Aprol's Magic Scroll Boutique.
  5359 | D:5      | Found Hyesuycw's Weapon Shoppe.
  5412 | D:5      | Bought a +2 mace of venom for 187 gold pieces
  5628 | D:5      | Reached skill level 5 in Fighting
  5775 | D:5      | Noticed Ijyb
  5775 | D:5      | Noticed Edmund
  5787 | D:5      | Killed Ijyb
  5795 | D:5      | Killed Edmund
  6120 | D:5      | Reached skill level 8 in Maces & Flails
  6370 | D:6      | Found a transporter.
  6371 | D:6      | Found a transporter.
  6372 | D:6      | Noticed jabarkas's ghost (novice PaFi)
  6374 | D:6      | Reached XP level 9. HP: 46/55 MP: 9/9
  6429 | D:6      | Noticed a hornet
  6443 | D:6      | Killed a hornet
  6443 | D:6      | Reached skill level 9 in Maces & Flails
  6443 | D:6      | Reached skill level 1 in Evocations
  6491 | D:6      | Killed jabarkas's ghost
  6500 | D:6      | Reached skill level 5 in Dodging
  6883 | D:6      | Reached skill level 10 in Maces & Flails
  6942 | D:6      | Reached XP level 10. HP: 28/61 MP: 10/10
  7229 | D:6      | Found a shimmering altar of Xom.
  7314 | D:6      | Found a runed translucent door.
  7315 | D:6      | Noticed Crazy Yiuf
  7465 | D:6      | Killed Crazy Yiuf
  7488 | D:7      | Found Oged's General Store.
  7540 | D:7      | Reached skill level 11 in Maces & Flails
  7684 | D:7      | Reached ***** piety under Trog
  7778 | D:7      | Found a staircase to the Ecumenical Temple.
  7839 | D:7      | Reached skill level 5 in Armour
  8545 | D:8      | Found a stormy altar of Qazlal.
  8576 | D:8      | Found a staircase to the Lair.
  8777 | D:8      | Noticed Pikel
  8791 | D:8      | Killed Pikel
  8791 | D:8      | Reached XP level 11. HP: 60/68 MP: 11/11
  9048 | D:8      | Reached skill level 12 in Maces & Flails
  9152 | D:8      | Received a gift from Trog
  9709 | Lair:1   | Entered Level 1 of the Lair of Beasts
  9755 | Lair:1   | Found a runed translucent gate.
  9756 | Lair:1   | Found a runed translucent gate.
  9757 | Lair:1   | Found a runed translucent gate.
  9779 | Lair:1   | Noticed aardvark's ghost (novice MiCK)
 10091 | Lair:1   | Noticed an eight-headed hydra
 10098 | Lair:1   | Killed an eight-headed hydra
 10294 | Lair:1   | Reached skill level 13 in Maces & Flails
 10350 | Lair:1   | Noticed a four-headed hydra
 10360 | Lair:1   | Killed a four-headed hydra
 10376 | Lair:1   | Reached skill level 10 in Fighting
 10424 | Lair:1   | Reached XP level 12. HP: 77/77 MP: 12/12
 10922 | Lair:1   | Killed aardvark's ghost
 11387 | Lair:2   | Reached skill level 14 in Maces & Flails
 11701 | Lair:2   | Noticed an ice dragon
 11722 | Lair:2   | Killed an ice dragon
 11846 | Lair:2   | Found the +7 great mace "Firestarter" {inner flame, rF++}
 12557 | Lair:3   | Reached XP level 13. HP: 79/84 MP: 13/13
 12903 | Lair:3   | Found a staircase to the Swamp.
 13359 | Lair:3   | Found a staircase to the Snake Pit.
 13693 | Lair:3   | Found a shimmering blue altar of Sif Muna.
 14508 | Lair:4   | Found a runed translucent door.
 14509 | Lair:4   | Noticed Bananafolds's ghost (journeyman MfSk)
 15213 | Lair:4   | Reached skill level 5 in Stealth
 15219 | Lair:4   | Reached skill level 15 in Maces & Flails
 16568 | Lair:5   | Reached ****** piety under Trog
 16746 | Lair:5   | Gained mutation: Your large and strong wings let you fly
                  | indefinitely. [Gargoyle growth]
 16746 | Lair:5   | Reached XP level 14. HP: 63/92 MP: 14/14
 17180 | Lair:5   | Found a blossoming altar of Fedhas.
 17464 | Lair:6   | Entered Level 6 of the Lair of Beasts
 17543 | Lair:6   | Received a gift from Trog
 18027 | Lair:6   | Reached skill level 16 in Maces & Flails
 18127 | Lair:6   | Reached skill level 10 in Armour
 19269 | Lair:5   | You are sucked into a shaft and drop 1 floor!
 19275 | Lair:6   | Found a staircase to the Slime Pits.
 20168 | Lair:6   | Found a viscous altar of Jiyva.
 20999 | Lair:4   | Reached XP level 15. HP: 100/100 MP: 15/15
 21003 | Lair:4   | Killed Bananafolds's ghost
 21277 | Swamp:1  | Entered Level 1 of the Swamp
 21296 | Swamp:1  | Reached skill level 17 in Maces & Flails
 21850 | Swamp:1  | Received a gift from Trog
 25223 | Swamp:3  | Found a runed translucent door.
 25224 | Swamp:3  | Noticed ardl's ghost (adept MiBe)
 25276 | Swamp:3  | Killed ardl's ghost
 25814 | Swamp:4  | Entered Level 4 of the Swamp
 26007 | Swamp:4  | Reached skill level 18 in Maces & Flails
 26031 | Swamp:4  | Reached XP level 16. HP: 44/107 MP: 16/16
 26345 | Swamp:4  | Noticed the 27-headed Lernaean hydra
 26356 | Swamp:4  | Killed the 26-headed Lernaean hydra
 26955 | Swamp:4  | Got a decaying rune of Zot
 27269 | Snake:1  | Entered Level 1 of the Snake Pit
 27331 | Snake:1  | Reached skill level 15 in Fighting
 27433 | Snake:1  | Received a gift from Trog
 29047 | Snake:1  | You are sucked into a shaft and drop 1 floor!
 29094 | Snake:2  | Noticed a nagaraja
 29109 | Snake:2  | Reached skill level 19 in Maces & Flails
 29388 | Snake:2  | Killed a nagaraja
 29811 | Snake:2  | Reached XP level 17. HP: 97/114 MP: 17/17
 29820 | Snake:2  | Received a gift from Trog
 29823 | Snake:2  | Got a bloodstained dire flail {god gift}
 30290 | Snake:2  | Found a glowing golden altar of the Shining One.
 31481 | Snake:3  | Found a sacrificial altar of Ru.
 32342 | Snake:3  | Found a glowing silver altar of Zin.
 32808 | Snake:4  | Entered Level 4 of the Snake Pit
 34016 | Snake:4  | Received a gift from Trog
 34016 | Snake:4  | Reached skill level 20 in Maces & Flails
 34035 | Snake:4  | HP: 3/116 [naga sharpshooter/arrow (7)]
 34036 | Snake:4  | HP: 1/116 [nagaraja/lance of force (6)]
 34036 | Snake:4  | Collided with a salamander

Illustrated notes

Levels and vault maps discovered:
D:1:      mrwooster_arrival_statue_3, layout_basic
D:2:      layout_basic
D:3:      layout_basic, kennysheep_cluttered_room
D:4:      layout_cave_pods, enter_ossuary_4
D:5:      layout_basic, serial_shops, nicolae_shop_waterfront,
          nicolae_shop_stone, uniq_ijyb, uniq_edmund
D:6:      layout_rooms, basic_altar, gammafunk_ghost_hive,
          uniq_crazy_yiuf_cottage
D:7:      layout_cave_pools, minmay_temple_entry_glass, serial_shops, shop,
          minivault_1
D:8:      kennysheep_seaside_town, layout_basic,
          nicolae_qazlal_style_of_elements, minmay_lair_entry_grove, uniq_pikel
Lair:1:   layout_cave_pods, gammafunk_ghost_necromancy, st_stairs_13
Lair:2:   layout_hall_layers, ice2_lemuel, infiniplex_staircase_pool_2
Lair:3:   layout_layer_cave, minmay_swamp_entry_worms,
          minmay_snake_entry_spellcaster, basic_altar,
          minmay_lair_oklob_chamber, grunt_megastairs_4, serial_bayou_shore_b,
          serial_bayou_shore_a, serial_bayou_shore_b
Lair:4:   layout_regular_city, ebering_ghost_inner_flame
Lair:5:   layout_gridlike, basic_altar, minmay_lindwurm_lava
Lair:6:   hangedman_lair_caniforms_friends, layout_loops_ring, slime_altar_1,
          special_room [special_room_mythical_zoo], minmay_lair_drake_nest,
          serial_bayou_shore_b, lemuel_fruit_tree, grunt_megastairs_2
Swamp:1:  layout_basic_swamp, evilmike_swamp_ruin_house_4
Swamp:2:  layout_falls_marsh, nicolae_swamp_fairy_circle, swamp_pool1,
          lightli_tree_ring
Swamp:3:  layout_basic_swamp, gammafunk_ghost_grave, serial_swamp_ruin,
          evilmike_swamp_ruin_wall, evilmike_swamp_ruin_house_3, swamp_pool1
Swamp:4:  swamp_old_school, layout_basic_swamp, infiniplex_staircase_pool
Snake:1:  layout_chambers
Snake:2:  layout_basic, basic_altar
Snake:3:  layout_gridlike, basic_altar, special_room, grunt_ministairs_11,
          lemuel_oklob_altar, grunt_megastairs_1
Snake:4:  snake_pit, layout_grid_shapes, grunt_ministairs_9,
          serial_bayou_lake_a, serial_bayou_shore_b, uniq_vashnia

Skill      XL: |  1  2  3  4  5  6  7  8  9 10 11 12 13 14 15 16 17 |
---------------+----------------------------------------------------+-----
Dodging        | 2 3 4 5 6 7 8 |  8.4
Stealth        | 1 2 3 4 5 |  5.5
Maces & Flails | 4 5 6 7 8 10 11 13 14 15 16 18 19 20 | 20.0
Fighting       | 4 5 6 8 10 11 12 13 14 15 16 | 16.3
Armour         | 3 4 6 7 8 9 11 12 14 | 14.9
Evocations     | 1 2 |  2.6
Throwing       | |  0.2

Action                   |  1- 3 |  4- 6 |  7- 9 | 10-12 | 13-15 | 16-18 || total
-------------------------+-------+-------+-------+-------+-------+-------++-------
Melee: Mace              |   115 |   173 |   208 |       |       |       ||   496
       Dire flail        |       |       |   138 |   627 |    51 |       ||   816
       Great mace        |       |       |       |     5 |   588 |   458 ||  1051
Throw: Dart              |       |       |       |       |     3 |       ||     3
Invok: Berserk           |     1 |     3 |     5 |     8 |     6 |     6 ||    29
       Brothers in Arms  |       |       |       |     1 |     1 |     4 ||     6
       Trog's Hand       |       |       |       |       |       |     1 ||     1
 Abil: Evoke Flight      |       |       |       |     2 |     1 |       ||     3
       Fly               |       |       |       |       |     1 |       ||     1
Evoke: Wand              |       |     1 |     1 |     1 |     8 |     2 ||    13
       Condenser vane    |       |       |       |       |     3 |     2 ||     5
  Use: Scroll            |       |     2 |    15 |     7 |     8 |    12 ||    44
       Potion            |       |       |       |     3 |     4 |    12 ||    19
 Stab: Sleeping          |     1 |     2 |       |       |     2 |       ||     5
       Distracted        |       |       |     1 |     3 |       |       ||     4
       Confused          |       |       |       |       |     1 |       ||     1
Armor: Animal skin       |    32 |    62 |    15 |       |       |       ||   109
       Ring mail         |       |       |   134 |   202 |    78 |       ||   414
       Plate armour      |       |       |    16 |       |   378 |   551 ||   945
Dodge: Dodged            |    92 |   162 |   312 |   426 |   567 |   479 ||  2038

Table legend: (Time is in decaauts)
 A = Elapsed time spent in this place.
 B = Non-inter-level travel time spent in this place.
 C = Inter-level travel time spent in this place.
 D = Time resting spent in this place.
 E = Time spent auto-exploring this place.
 F = Levels seen in this place.
 G = Mean time per level.
                   A        B        C        D        E       F      G
               +--------+--------+--------+--------+--------+-----+--------+
         Total |  33937 |  33827 |    110 |  11892 |  14695 |  23 | 1475.5 |
       Dungeon |   8989 |   8967 |     22 |   1262 |   5240 |   8 | 1123.6 |
          Lair |  11914 |  11890 |     24 |   4390 |   4949 |   6 | 1985.7 |
         Swamp |   5580 |   5580 |      0 |   2659 |   1967 |   4 | 1395.0 |
     Snake Pit |   6682 |   6618 |     64 |   3046 |   2485 |   4 | 1670.5 |
       Ossuary |    770 |    770 |      0 |    534 |     54 |   1 |  770.0 |
               +--------+--------+--------+--------+--------+-----+--------+

Top non-repeatable levels by time:
 Snake:3: 3158 daAuts
  Lair:3: 2407 daAuts
  Lair:5: 2362 daAuts
  Lair:4: 2331 daAuts
  Lair:6: 2260 daAuts
 Snake:1: 1954 daAuts
 Swamp:2: 1861 daAuts
  Lair:1: 1566 daAuts
 Swamp:3: 1471 daAuts
 Snake:2: 1372 daAuts
     D:2: 1300 daAuts
     D:8: 1271 daAuts
     D:4: 1252 daAuts
     D:5: 1240 daAuts
 Swamp:1: 1220 daAuts
